 Dungeon Crawl Stone Soup version 0.22-a0-775-ga7d80019b5 (webtiles) character file.

111 Htamos the Conjurer (level 4, -2/24 HPs)
             Began as a Deep Elf Conjurer on July 18, 2018.
             Shot with an arrow by a centaur (10 damage)
             ... on level 6 of the Dungeon.
             The game lasted 00:05:43 (2681 turns).

Htamos the Conjurer (Deep Elf Conjurer)             Turns: 2681, Time: 00:05:44

Health: -2/24      AC:  3    Str:  5    XL:     4   Next: 62%
Magic:  12/12      EV: 14    Int: 21    God:
Gold:   150        SH:  0    Dex: 15    Spells: 10/11 levels left

rFire    . . .     SeeInvis .   d - -2 hunting sling (curse)
rCold    . . .     Gourm    .   (no shield)
rNeg     . . .     Faith    .   a - +0 robe
rPois    .         Spirit   .   (no helmet)
rElec    .         Reflect  .   (no cloak)
rCorr    .         Harm     .   i - +0 pair of gloves
MR       .....                  (no boots)
Stlth    +++.......             (no amulet)
HPRegen  0.08/turn              (no ring)
MPRegen  0.13/turn              (no ring)

@: no status effects
A: no striking features
a: no special abilities


You were on level 6 of the Dungeon.
You were not hungry.

You visited 1 branch of the dungeon, and saw 4 of its levels.

You collected 150 gold pieces.

Inventory:

Hand Weapons
 d - a cursed -2 hunting sling (weapon)
 h - a +1 dagger
Missiles
 j - 33 sling bullets (quivered)
 l - 95 stones
 s - 6 javelins of penetration
Armour
 a - a +0 robe (worn)
 i - a +0 pair of gloves (worn)
Jewellery
 b - a +4 ring of protection {unknown}
 o - an uncursed ring of protection from cold {unknown}
 t - a cursed ring of loudness {unknown}
Scrolls
 n - a scroll of teleportation
 r - 2 scrolls of identify
Potions
 e - 2 potions of lignification
 f - 3 potions of mutation {unknown}
 g - a potion of might {unknown}
 m - a potion of heal wounds {unknown}
 p - a potion of ambrosia {unknown}
 q - a potion of cancellation {unknown}
Comestibles
 c - 3 rations
 k - 3 chunks of flesh


   Skills:
 + Level 3.6 Dodging
 + Level 3.8 Stealth
 + Level 4.1 Spellcasting
 + Level 5.0 Conjurations


You had 10 spell levels left.
You knew the following spells:

 Your Spells              Type           Power        Failure   Level  Hunger
a - Magic Dart            Conj           ####         1%          1    None

Your spell library contained the following spells:

 Spells                   Type           Power        Failure   Level  Hunger
 Iskenderun's Mystic Bla  Conj           ####....     14%         4    ####...
 Fulminant Prism          Conj/Hex       ###.......   38%         4    ####...
 Dazzling Spray           Conj/Hex       ###...       13%         3    ###....
 Force Lance              Conj/Tloc      ###.....     38%         4    ####...
 Searing Ray              Conj           ####..       2%          2    #......


Dungeon Overview and Level Annotations

Branches:
Dungeon (6/15)
 Temple: D:4-7

Altars:

Annotations:
D:6 exclusion: slave


Message History

The shaft crumbles and collapses.
A slave comes into view.
Press: ? - help, . - travel You can't see that place. [the floor.] Placed new exclusion.
Some of the chunks of flesh in your inventory have rotted away.
Found 15 gold pieces.
Found a yellow potion and 7 needles of sleeping.
Found an iron wand.
A centaur comes into view.
Found a stone staircase leading up.
The centaur shouts!
The centaur wields a shortbow.
The centaur shoots an arrow.
The arrow hits you!
Ouch! That really hurt!
* * * LOW HITPOINT WARNING * * *
A howler monkey skeleton comes into view.
You see here an arrow.
The centaur shoots an arrow.
The arrow hits you!
You die...

.. ##.#.##
...#####....#
#........### ##
##..##..# #..
#......## #...
....###..# #<..Z.
#..#
#.....######..#####
#.../.!(@...........
#.....#######..#####
#c... .....# #...
....# #.. ....# ##
.$.... (...##


You could see a centaur.

Vanquished Creatures
  A crimson imp (D:2)
  2 oozes (D:2)
  3 worms
  A dart slug (D:1)
  2 leopard geckos
  An orc (D:3)
  3 bats
  5 goblins
  7 hobgoblins
  12 jackals
  6 kobolds
  A quokka (D:2)
  3 ball pythons
  A frilled lizard (D:1)
  5 rats
53 creatures vanquished.

Notes
Turn   | Place    | Note
-------+----------+-------------------------------------------
     0 | D:1      | Htamos the Deep Elf Conjurer began the quest for the Orb.
     0 | D:1      | Reached XP level 1. HP: 10/10 MP: 6/6
   194 | D:1      | Reached XP level 2. HP: 15/15 MP: 6/8
  1016 | D:2      | Noticed a crimson imp
  1039 | D:2      | Reached XP level 3. HP: 15/19 MP: 6/10
  1327 | D:2      | Reached XP level 4. HP: 19/24 MP: 5/11
  1881 | D:2      | Reached skill level 5 in Conjurations
  2653 | D:3      | You fall through a shaft for 3 floors!
  2660 | D:6      | Noticed a slave
  2679 | D:6      | Noticed a centaur
  2681 | D:6      | Shot with an arrow by a centaur

Vault maps used:
D:1:      noname_arrival_rooms_in_the_neighbourhood
D:2:      serial_forest, infiniplex_forest_end_3, infiniplex_forest_clump_C,
          infiniplex_forest_corner_2, infiniplex_forest_straight_5,
          infiniplex_forest_clump_diagonal, infiniplex_forest_straight_1,
          infiniplex_forest_clump_tiny, hangedman_abyss_or_decor_stabs
D:3:      minmay_ogre_servants
D:6:      temple_statues, uniq_grinder, uniq_pikel

Skill      XL: |  1  2  3  4 |
---------------+-------------+-----
Stealth        | 3 |  3.8
Dodging        | 3 |  3.6
Spellcasting   | 4 |  4.1
Conjurations   | 5 |  5.0

Action                   |  1- 3 |  4- 6 || total
-------------------------+-------+-------++-------
 Cast: Magic Dart        |    58 |    64 ||   122
  Use: Scroll            |     2 |     2 ||     4
  Eat: Chunk             |     1 |     4 ||     5
Armor: Robe              |     6 |     3 ||     9
Dodge: Dodged            |    16 |     1 ||    17

Table legend:
 A = Spawn XP
 B = Non-spawn XP
 C = Spawn XP percentage of total XP
 D = Spawn monster count
 E = Non-spawn monster count
 F = Spawn count percentage of total count
 G = Total turns spent on level
                    A         B        C        D         E        F      G
               +---------+---------+-------+---------+---------+-------+---------
         Total |       0 |     159 |   0.0 |       0 |      53 |   0.0 |  2681
               +---------+---------+-------+---------+---------+-------+---------
           D:1 |       0 |      30 |   0.0 |       0 |      15 |   0.0 |   753
           D:2 |       0 |     106 |   0.0 |       0 |      27 |   0.0 |  1408
           D:3 |       0 |      23 |   0.0 |       0 |      11 |   0.0 |   492
               +---------+---------+-------+---------+---------+-------+---------
